 Dungeon Crawl Stone Soup version 0.13-a0-2995-g9a84c3d (webtiles) character file.

734 Misa the Covered (level 7, -2/54 HPs)
             Began as a Djinni Fighter on Sept 8, 2013.
             Was an Initiate of the Shining One.
             Slain by an orc (4 damage)
             ... on Level 4 of the Dungeon.
             The game lasted 00:09:43 (2682 turns).

Misa the Covered (Djinni Fighter)                   Turns: 2682, Time: 00:09:43

HP  -2/54        AC 15     Str 18      XL: 7   Next:  6%
MP   0/0         EV  7     Int  9      God: the Shining One [......]
Gold 191         SH 20     Dex 17      Spells:  0 memorised,  6 levels left

Res.Fire  : + + +   See Invis. : .   (no weapon)
Res.Cold  : x . .   Warding    : .   n - +3 plate armour
Life Prot.: + + +   Conserve   : .   c - +0 shield
Res.Poison: .       Res.Corr.  : .   (no helmet)
Res.Elec. : .       Clarity    : +   (no cloak)
Sust.Abil.: . .     Spirit.Shd : .   (no gloves)
Res.Mut.  : .       Stasis     : .   (boots unavailable)
Res.Rott. : .       Flight     : .   o - amulet of rage
Saprovore : . . .                    (no ring)
                                     p - ring of protection from magic

@: exhausted, agile, very slightly contaminated, slowed, very slow, quite
resistant to hostile enchantments, extremely unstealthy
A: fire immunity, cold vulnerability, clarity, life protection 3
a: Renounce Religion, Evoke Berserk Rage


You were on level 4 of the Dungeon.
You worshipped the Shining One. the Shining One was pleased with you.
You were not hungry.

You visited 1 branch of the dungeon, and saw 4 of its levels.

You collected 171 gold pieces.

Inventory:

Hand weapons
 a - a +0,+0 mace
Missiles
 i - 10 darts (quivered)
Armour
 c - a +0 shield (worn)
 n - a +3 plate armour (worn)
Scrolls
 b - a scroll of remove curse {unknown}
 d - 5 scrolls of identify
Jewellery
 o - an amulet of rage (around neck)
 p - a ring of protection from magic (left hand)
Potions
 e - a potion of brilliance


   Skills:
 + Level 4.2 Fighting
 + Level 4.4 Maces & Flails
 + Level 5.2 Armour
 + Level 4.6 Shields


You had 6 spell levels left.
You didn't know any spells.

Dungeon Overview and Level Annotations

Branches:
Dungeon (4/27)
 Temple: D:4-7

Altars:
Fedhas
Kikubaaqudgha
Makhleb
the Shining One


Innate Abilities, Weirdness & Mutations

You are immune to all types of fire, even holy and hellish.
You are vulnerable to cold.
You need no food.
You have no legs.
You are immune to negative energy.
You possess an exceptional clarity of mind.


Message History

The orc hits you but does no damage. The ogre barely misses you.
The goblin hits you but does no damage.
Unknown command.
Drop what? (_ for help) (? for menu, Esc to quit)
Okay, then.
The orc wizard glows brightly for a moment.
The orc priest glows brightly for a moment.
The giant newt bites you but does no damage.
The giant gecko barely misses you. You block the goblin's attack.
You block the orc's attack. The orc wizard barely misses you.
The giant newt bites you but does no damage.
The giant gecko bites you but does no damage.
You block the ogre's attack. You block the orc wizard's attack.
The orc hits you but does no damage. The goblin hits you but does no damage.
The orc hits you but does no damage. You block the giant gecko's attack.
You block the giant newt's attack.
The orc wizard hits you but does no damage.
The ogre closely misses you. The orc hits you.
You die...

,,,,, **,,,,,,,,,,,###...........
,,,,,,**,,,,,, ,,,,.........#(...
,,,,,,**,,,..., ,,,.......###....
,,,,,,**, .....,,,.[......* #....
,>, ,,**,.....#***$.......* ##...
* *,** *,.....####........* #...
,,,,,***####....#..../...,***#...
,,,,, .##......l.O..(....,,,....#
,, ,.........rl@o.......,,,....#
,,, ...........goo.......,,,,....
,,,...........%.o.......,,,,,,.,.
,,..............#.......,,,,,,, ,
,,..............#####...,,,,,,**,
,,..........######** ,.,,,*** ,,<
,##.........#......**,,,,,*,,,,,*
,...........#.......,,*,*,,,,,,,,
,...##....###........ ,,*,*,,,,,,


You could see an ogre, an orc priest, an orc wizard, 2 orcs, a giant gecko, a
quokka, a goblin and a giant newt.

Vanquished Creatures
  Pikel (D:4)
  2 slaves (D:4)
  3 adders
  A worm (D:3)
  3 giant geckos
  A ball python (D:3)
  3 bats
  A bat skeleton (D:4)
  A giant cockroach (D:1)
  9 goblins
  4 hobgoblins
  4 jackals (D:1)
  7 kobolds
  13 rats
53 creatures vanquished.

Notes
Turn   | Place    | Note
--------------------------------------------------------------
     0 | D:1      | Misa, the Djinni Fighter, began the quest for the Orb.
     0 | D:1      | Reached XP level 1. HP: 16/16 MP: 0/0
   180 | D:1      | Reached XP level 2. EP: 20/22
   887 | D:1      | Reached XP level 3. EP: 29/29
  1032 | D:2      | Found a blossoming altar of Fedhas.
  1122 | D:2      | Found a glowing golden altar of the Shining One.
  1165 | D:2      | Became a worshipper of the Shining One
  1513 | D:2      | Found an ancient bone altar of Kikubaaqudgha.
  1790 | D:2      | Found a burning altar of Makhleb.
  1993 | D:3      | Reached XP level 4. EP: 33/35
  2003 | D:3      | Reached skill level 4 in Armour
  2456 | D:4      | Noticed a slave
  2457 | D:4      | Noticed Pikel
  2457 | D:4      | Noticed a slave
  2493 | D:4      | Killed a slave
  2559 | D:4      | Killed a slave
  2622 | D:4      | Noticed a slave
  2640 | D:4      | Noticed a slave
  2648 | D:4      | Killed Pikel
  2648 | D:4      | Reached skill level 5 in Armour
  2648 | D:4      | Reached XP level 5. EP: 22/41
  2648 | D:4      | Reached XP level 6. EP: 26/49
  2648 | D:4      | Reached XP level 7. EP: 28/54
  2674 | D:4      | Noticed an ogre
  2675 | D:4      | Gained mutation: You possess an exceptional clarity of mind. [potion of beneficial mutation]
  2678 | D:4      | HP: 1/54 [ogre/giant club (5)]
  2682 | D:4      | Slain by an orc

Action                   |  1- 3 |  4- 6 |  7- 9 || total
-------------------------+-------+-------+-------++-------
Melee: Mace              |   161 |    76 |       ||   237
       Whip              |       |       |     1 ||     1
 Abil: Evoke Berserk Rag |       |     1 |       ||     1
  Use: Scroll            |       |     2 |     9 ||    11
       Potion            |       |       |     3 ||     3
